 Dungeon Crawl Stone Soup version 0.29-a0-317-gd16b76e6b1 (webtiles) character file.

Game seed: 9150311449280625486

1700 Morbidden the Conjurer (level 9, -8/43 HPs)
             Began as a Vine Stalker Conjurer on Apr 1, 2022.
             Was an Initiate of Vehumet.
             Mangled by an orc warrior
             ... wielding a +0 trident
              (9 damage)
             ... on level 8 of the Dungeon.
             The game lasted 00:08:22 (8618 turns).

Morbidden the Conjurer (Vine Stalker Conjurer)      Turns: 8618, Time: 00:08:22

Health: -8/43      AC:  7    Str:  9    XL:     9   Next: 3%
Magic:  0/19       EV: 17    Int: 22    God:    Vehumet [......]
Gold:   370        SH:  0    Dex: 14    Spells: 13/20 levels left

rFire   . . .      SeeInvis +   d - +0 short sword
rCold   . . .      Faith    .   (no shield)
rNeg    . . .      Spirit   +   h - +1 robe of Hysteria {Harm Slay+2 SInv}
rPois   .          Reflect  .   (no helmet)
rElec   .          Harm     +   H - +1 cloak
rCorr   .          Rampage  .   f - +0 pair of gloves
Will    +....                   A - +0 pair of boots
Stlth   +++.......              y - amulet of regeneration
HPRegen 1.74/turn               w - +4 ring of evasion
MPRegen 0.16/turn               x - ring of flight

@: flying
A: fangs 3, regeneration 1, magic shield, antimagic bite, no potion heal 2
a: Renounce Religion


You were on level 8 of the Dungeon.
You worshipped Vehumet.
Vehumet was noncommittal.
You visited 2 branches of the dungeon, and saw 9 of its levels.

You collected 370 gold pieces.

Inventory:

Hand Weapons
 d - a +0 short sword (weapon)
 t - a +2 dagger of distortion
 F - a +0 long sword
 I - a +2 dagger
Armour
 f - a +0 pair of gloves (worn)
 h - the +1 robe of Hysteria (worn) {Harm Slay+2 SInv}
   (You found it on level 2 of the Dungeon)

   Slay:      It affects your accuracy & damage with ranged weapons and melee
   (+2).
   SInv:      It lets you see invisible.
   Harm:      It increases damage dealt and taken.
 k - the +0 robe "Moankats" {rPois rF- rC++ Str+3}
   (You found it on level 2 of the Dungeon)

   Str:       It affects your strength (+3).
   rF:        It makes you vulnerable to fire.
   rC:        It greatly protects you from cold.
   rPois:     It protects you from poison.
 A - a +0 pair of boots (worn)
 H - a +1 cloak (worn)
Jewellery
 w - a +4 ring of evasion (left hand)
 x - a ring of flight (right hand)
 y - an amulet of regeneration (around neck)
 J - a ring of fire
Wands
 i - a wand of flame (32)
 r - a wand of digging (9)
 B - a wand of mindburst (17)
 D - a wand of acid (8)
Scrolls
 c - 5 scrolls of identify {unknown}
 e - 2 scrolls of teleportation {unknown}
 j - 2 scrolls of magic mapping {unknown}
 m - 2 scrolls of amnesia {unknown}
 q - 2 scrolls of summoning {unknown}
 s - 2 scrolls of immolation {unknown}
 C - 2 scrolls of noise {unknown}
Potions
 a - a potion of degeneration {unknown}
 b - a potion of magic
 g - 4 potions of curing {unknown}
 l - a potion of invisibility {unknown}
 n - a potion of resistance {unknown}
 o - a potion of flight {unknown}
 p - a potion of ambrosia {unknown}
 u - a potion of attraction {unknown}
 v - 2 potions of lignification {unknown}
 z - a potion of heal wounds {unknown}
 E - 2 potions of berserk rage {unknown}
 G - a potion of brilliance {unknown}


   Skills:
 * Level 2.8 Fighting
 * Level 2.3 Short Blades
 * Level 3.2 Dodging
 + Level 4.2 Stealth
 * Level 6.3 Spellcasting
 * Level 7.4 Conjurations
 * Level 2.8 Translocations


You had 13 spell levels left.
You knew the following spells:

 Your Spells              Type           Power      Damage    Failure   Level
a - Magic Dart            Conj           100%       1d8       1%          1
b - Searing Ray           Conj           78%        2d7       1%          2
c - Iskenderun's Mystic   Conj/Tloc      29%        2d7       11%         4

Your spell library contained the following spells:

 Spells                   Type           Power      Damage    Failure   Level
 Dazzling Flash           Conj/Hex       46%        N/A       5%          3
 Beastly Appendage        Tmut           12%        N/A       9%          1
 Ensorcelled Hibernation  Hex/Ice        12%        N/A       13%         2
 Passwall                 Tmut/Erth      5%         N/A       13%         2
 Wereblood                Tmut           6%         N/A       13%         2
 Fulminant Prism          Conj/Hex       11%        3d9       19%         4
 Confusing Touch          Hex            6%         N/A       26%         3
 Spider Form              Tmut/Pois      6%         N/A       26%         3
 Swiftness                Air            6%         N/A       26%         3
 Tukima's Dance           Hex            6%         N/A       26%         3
 Passage of Golubria      Tloc           19%        N/A       26%         4
 Yara's Violent Unravell  Hex/Tmut       3%         3d4       94%         5
 Enfeeble                 Hex            3%         N/A       100%        7


Dungeon Overview and Level Annotations

Branches:
Dungeon (8/15)             Temple (1/1) D:6
   Lair: D:8-11

Altars:
Ashenzari
Cheibriados
Dithmenos
Elyvilon
Fedhas
Gozag
Makhleb
Nemelex Xobeh
Qazlal
Ru
Trog
Vehumet
Xom
Yredelemnul
Zin


Innate Abilities, Weirdness & Mutations

You have razor-sharp teeth.
Your natural rate of healing is unusually fast.
When hurt, damage is shared between your health and your magic reserves.
Your bite disrupts and absorbs the magic of your enemies.
Potions cannot restore your health.


Message History

The searing ray hits the orc warrior!
The orc warrior is heavily wounded.
The searing ray hits the orc!
You kill the orc!
Vehumet accepts your kill.
The searing ray misses the orc.
The searing ray hits the two-headed ogre.
The two-headed ogre is moderately wounded.
The orc warrior hits you with a +0 trident!
Unknown command.
The searing ray hits the orc warrior.
The orc warrior is severely wounded.
The searing ray hits the orc!
You kill the orc!
Vehumet accepts your kill.
The searing ray hits the two-headed ogre.
The two-headed ogre is moderately wounded.
The orc warrior hits you with a +0 trident!
* * * LOW HITPOINT WARNING * * *
Unknown command.
Unknown command.
The searing ray hits the orc warrior.
The orc warrior is severely wounded.
The searing ray hits the two-headed ogre!
The two-headed ogre is severely wounded.
The searing ray hits the orc priest!
The orc priest is severely wounded.
You finish channelling your searing ray.
The orc priest casts a cantrip, but nothing happens.
The orc warrior hits you with a +0 trident!
* * * LOW HITPOINT WARNING * * *
Unknown command.
Unknown command.
Unknown command.
Okay, then.
Unknown command.
Unknown command.
The orc warrior attacks as you move away!
The orc warrior hits you with a +0 trident!
You die...

##..$....##
.o.......#
#.........#
........#
##.........#
..o...
###..........#
###.o#
.<...........#
#o...#
#............#
#o##.#
..........!.#
#O##.#
........)..##
#o##.#
#.......<###
#@##.# #........#
##.##.#
#........#
#..##.#
...).....#
#.###.#
...####### ##>#
#.#
##.......#####..#
#.#
########....##.#
#.# ####
####....# #.#
...## ###..####.#


You could see a two-headed ogre, an orc warrior, an orc priest and an orc.

Vanquished Creatures
  A steam dragon (D:7)
  An orc warrior (D:7)
  A sky beast (D:6)
  2 ice beasts
  An ogre (D:5)
  2 phantoms (D:5)
  4 scorpions
  6 wights (D:7)
  3 hounds
  An orc priest (D:3)
  Crazy Yiuf (D:7)
  2 orc wizards (D:4)
  An iguana (D:6)
  11 adders
  A shadow imp (D:7)
  A white imp (D:5)
  An ufetubus (D:5)
  A worm (D:2)
  3 dart slugs
  10 orcs
  5 ball pythons
  11 endoplasms
  6 giant cockroaches
  3 goblins
  5 hobgoblins
  8 kobolds
  2 quokkas (D:1)
  4 bats
  4 frilled lizards
  6 rats
108 creatures vanquished.

Vanquished Creatures (others)
  3 plants (D:6)
3 creatures vanquished.

Grand Total: 111 creatures vanquished

Notes
Turn   | Place    | Note
-------+----------+-------------------------------------------
     0 | D:1      | Morbidden the Vine Stalker Conjurer began the quest for the
                  | Orb.
     0 | D:1      | Reached XP level 1. HP: 9/9 MP: 4/4
   346 | D:1      | Reached XP level 2. HP: 13/13 MP: 3/6
   383 | D:1      | Learned a level 2 spell: Searing Ray
  1338 | D:2      | Found a faded altar of an unknown god.
  1342 | D:2      | Reached XP level 3. HP: 16/16 MP: 5/7
  1381 | D:2      | Identified the +1 robe of Hysteria {Harm Slay+2 SInv}
  1934 | D:2      | Identified the +0 robe "Moankats" {rPois rF- rC++ Str+3}
  2340 | D:2      | Gained mutation: Your natural rate of healing is unusually
                  | fast. [Vine Stalker growth]
  2340 | D:2      | Reached XP level 4. HP: 19/21 MP: 0/9
  2715 | D:3      | Reached skill level 5 in Conjurations
  3050 | D:3      | Learned a level 4 spell: Iskenderun's Mystic Blast
  3270 | D:3      | Reached XP level 5. HP: 25/25 MP: 7/10
  3762 | D:4      | Reached skill level 1 in Fighting
  4021 | D:4      | Noticed an ice beast
  4030 | D:4      | Killed an ice beast
  4031 | D:4      | Reached XP level 6. HP: 30/30 MP: 2/12
  4483 | D:4      | Reached skill level 1 in Translocations
  4995 | D:5      | Entered Level 5 of the Dungeon
  5060 | D:5      | Reached XP level 7. HP: 33/33 MP: 10/14
  5099 | D:5      | Reached skill level 1 in Short Blades
  5099 | D:5      | Reached skill level 6 in Conjurations
  5687 | D:5      | HP: 1/35 [poisoned by a scorpion]
  5801 | D:5      | Reached skill level 5 in Spellcasting
  5801 | D:5      | Gained mutation: You have razor-sharp teeth. [Vine Stalker
                  | growth]
  5801 | D:5      | Reached XP level 8. HP: 37/39 MP: 7/16
  6014 | D:6      | Identified the +7 mace "Nuceim" {drain, rPois Int-5 Dex+8
                  | Stlth+}
  6395 | D:6      | Found a staircase to the Ecumenical Temple.
  6549 | Temple   | Entered the Ecumenical Temple
  6791 | Temple   | Became a worshipper of Vehumet
  7698 | D:7      | Reached skill level 7 in Conjurations
  8026 | D:7      | Found a runed translucent door.
  8027 | D:7      | Noticed Crazy Yiuf
  8246 | D:7      | Killed Crazy Yiuf
  8415 | D:7      | Reached XP level 9. HP: 43/43 MP: 15/19
  8426 | D:8      | Noticed a two-headed ogre
  8607 | D:8      | Identified the +2 chain mail of Xulataf {rC+ Will+ Int+3
                  | Slay+2}
  8617 | D:8      | HP: 1/43 [orc warrior/+0 trident (8)]
  8618 | D:8      | Mangled by an orc warrior

Illustrated notes

Levels and vault maps discovered:
D:1:      giann_horns, layout_basic, columned_hall_lemuel,
          dreamdust_mushroom_princess
D:2:      layout_basic, ebering_ecumenical_altar_box
D:3:      layout_loops_ring
D:4:      layout_basic
D:5:      layout_basic
D:6:      layout_basic, minmay_temple_entry_gardened_gates
D:7:      layout_basic, uniq_crazy_yiuf_cottage
D:8:      layout_rooms
Temple:   mainiacjoe_temple_cubbyholes

Skill      XL: |  1  2  3  4  5  6  7  8 |
---------------+-------------------------+-----
Conjurations   | 5 6 7 |  7.4
Spellcasting   | 3 4 5 6 |  6.3
Dodging        | 2 3 |  3.2
Fighting       | 1 2 |  2.8
Stealth        | 3 4 |  4.2
Translocations | 1 2 |  2.8
Short Blades   | 1 2 |  2.3

Action                   |  1- 3 |  4- 6 |  7- 9 || total
-------------------------+-------+-------+-------++-------
Melee: Short sword       |     7 |    10 |    31 ||    48
       Bite              |     2 |     2 |    16 ||    20
       Punch             |     1 |       |     1 ||     2
 Cast: Magic Dart        |    78 |    83 |    65 ||   226
       Searing Ray       |     1 |     6 |    18 ||    25
       Iskenderun's Myst |       |       |     3 ||     3
Evoke: Wand              |       |       |     6 ||     6
Armor: Robe              |     5 |     5 |     7 ||    17
Dodge: Dodged            |    17 |    22 |    53 ||    92

Table legend: (Time is in decaauts)
 A = Elapsed time spent in this place.
 B = Non-inter-level travel time spent in this place.
 C = Inter-level travel time spent in this place.
 D = Time resting spent in this place.
 E = Time spent auto-exploring this place.
 F = Levels seen in this place.
 G = Mean time per level.
                   A        B        C        D        E       F      G
               +--------+--------+--------+--------+--------+-----+--------+
         Total |   8621 |   8175 |    446 |    875 |   6426 |   9 |  957.9 |
       Dungeon |   8360 |   7931 |    429 |    875 |   6231 |   8 | 1045.0 |
        Temple |    260 |    243 |     17 |      0 |    195 |   1 |  260.0 |
               +--------+--------+--------+--------+--------+-----+--------+

Top non-repeatable levels by time:
     D:2: 1536 daAuts
     D:1: 1338 daAuts
     D:6: 1284 daAuts
     D:4: 1242 daAuts
     D:7: 995 daAuts
     D:5: 932 daAuts
     D:3: 880 daAuts
  Temple: 260 daAuts
     D:8: 150 daAuts
